 Dungeon Crawl Stone Soup version 0.28.0-53-g5a82cb258f (webtiles) character file.

Game seed: 1645652172997370071

88 DocClef the Chopper (level 4, 0/28 HPs)
             Began as a Gargoyle Fighter on July 3, 2022.
             Slain by Sigmund
             ... wielding a +0 scythe
              (8 damage)
             ... on level 2 of the Dungeon.
             The game lasted 00:01:05 (1085 turns).

DocClef the Chopper (Gargoyle Fighter)              Turns: 1085, Time: 00:01:06

Health: 0/28       AC: 10    Str: 21    XL:     4   Next: 54%
Magic:  4/4        EV:  9    Int:  9    God:
Gold:   34         SH:  0    Dex:  9    Spells: 3/3 levels left

rFire   . . .      SeeInvis .   a - +0 war axe
rCold   . . .      Faith    .   c - +0 buckler
rNeg    + . .      Spirit   .   b - +0 scale mail
rPois   ∞          Reflect  .   (no helmet)
rElec   +          Harm     .   (no cloak)
rCorr   .          Rampage  .   (no gloves)
Will    .....                   (no boots)
Stlth   ..........              (no amulet)
HPRegen 0.09/turn               (no ring)
MPRegen 0.09/turn               (no ring)

@: confused
A: sickness immunity, AC +3, negative energy resistance 1, electricity
resistance, torment resistance 1, petrification resistance
a: no special abilities


You were on level 2 of the Dungeon.
You visited 1 branch of the dungeon, and saw 2 of its levels.

You collected 34 gold pieces.

Inventory:

Hand Weapons
 a - a +0 war axe (weapon)
Armour
 b - a +0 scale mail (worn)
 c - a +0 buckler (worn)
Jewellery
 f - an amulet of the acrobat
 j - a +6 ring of strength
Scrolls
 e - a scroll of teleportation {unknown}
 i - a scroll of identify {unknown}
Potions
 d - a potion of might
 g - a potion of flight {unknown}
 h - a potion of berserk rage {unknown}


   Skills:
 - Level 3.2 Fighting
 + Level 4.2 Axes
 - Level 3.2 Armour
 - Level 3.2 Shields


You had 3 spell levels left.
You didn't know any spells.
Your spell library was empty.

Dungeon Overview and Level Annotations

Branches:
Dungeon (2/15)

Altars:

Annotations:
D:2 Sigmund


Innate Abilities, Weirdness & Mutations

You are immune to sickness and miasma.
Your stone body is resilient. (AC +3)
You are immune to poison.
You resist negative energy. (rN+)
You are resistant to electric shocks. (rElec)
You are resistant to unholy torment.
You are immune to petrification.


Message History

The hobgoblin hits you but does no damage.
Things that are here:
a +0 short sword; a kobold corpse You slash the hobgoblin!
You kill the hobgoblin!
Something hits you but does no damage.
No target in view!
No target in view!
No target in view!
No target in view!
No target in view!
No target in view!
No target in view!
No target in view!
No target in view!
No target in view!
No target in view!
No target in view!
No target in view!
No target in view!
No target in view!
No target in view!
No target in view!
No target in view!
Unknown command.
Something hits you but does no damage.
You see here a hobgoblin corpse.
You closely miss something. Something hits you!
You barely miss something. Something hits you.
You barely miss something. Something hits you.
You miss something. You slash something! Something hits you.
You miss something.
You hear some strange, mumbled words.
You are confused.
Something hits you.
* * * LOW HITPOINT WARNING * * *
Something hits you but does no damage.
Found a stone staircase leading up.
Something hits you!
You die...

#.#.##..###.##
#.#.....#. .....# ....#
#.#.##..#.#.#....##.....
#.#.........#..........#
..####..#.#.#....#.....<
.................#.....
#....................
....##..#.#.#.....#
#.####..#.#.#..†@.#
#.####......#†)...#.
#.......................
#.####..................
#.# ##.###......#..#...
#.# ### #.............
#.# #......#..#... #..
............... #.#
##......##.#...


There were no monsters in sight!

Vanquished Creatures
  Jessica (D:2)
  2 adders (D:2)
  2 dart slugs (D:1)
  A ball python (D:1)
  7 bats
  3 endoplasms (D:1)
  A giant cockroach (D:1)
  A goblin (D:1)
  7 hobgoblins
  2 jackals (D:1)
  3 kobolds
  3 quokkas
  3 frilled lizards
36 creatures vanquished.

Notes
Turn   | Place    | Note
-------+----------+-------------------------------------------
     0 | D:1      | DocClef the Gargoyle Fighter began the quest for the Orb.
     0 | D:1      | Reached XP level 1. HP: 14/14 MP: 1/1
    31 | D:1      | Reached skill level 2 in Axes
    66 | D:1      | Reached XP level 2. HP: 19/19 MP: 2/2
   280 | D:1      | Reached skill level 3 in Axes
   293 | D:1      | Reached XP level 3. HP: 23/23 MP: 3/3
   870 | D:2      | Noticed Jessica
   875 | D:2      | Killed Jessica
   876 | D:2      | Reached skill level 4 in Axes
   876 | D:2      | Reached XP level 4. HP: 22/28 MP: 4/4
  1070 | D:2      | Noticed Sigmund
  1085 | D:2      | Slain by Sigmund

Illustrated notes

Levels and vault maps discovered:
D:1:      lemuel_arrival_broad_hall, layout_rooms, solitary_fountain
D:2:      minmay_door_path, layout_basic, hellmonk_ecumenical_altar_arch_garden,
          uniq_crazy_yiuf_cottage, uniq_jessica, uniq_sigmund

Skill      XL: |  1  2  3 |
---------------+----------+-----
Axes           | 2 3 4 |  4.2
Fighting       | |  3.2
Armour         | |  3.2
Shields        | |  3.2

Action                   |  1- 3 |  4- 6 || total
-------------------------+-------+-------++-------
Melee: War axe           |    80 |    29 ||   109
Armor: Scale mail        |    46 |    14 ||    60
Dodge: Dodged            |    60 |    19 ||    79
Block: Buckler           |    19 |     3 ||    22
